AoeStats
← Gregory176144

Arabia

510049757Analyzed
1v1 RM · 3d ago on Sep 29, 2026· 36m 16s· 2 players
Game mode
Random Map
Map size
Tiny (2 player)
Population
200
Speed
Normal
Resources
Standard
Victory
Conquest
Starting age
Dark Age
Ending age
Imperial Age
RankedLock teamsTeams togetherTeam positionsShared explorationLock speedFull tech treeHidden civsTurbo modeCheats
Victory
Defeat
🇦🇷 Chinese · Argentina
1235
+31
🇷🇺 Mongols · Russia
1253
-17
Gregory176144
0:28 Loom
8:09 Feudal Age
9:12 Double-Bit Axe
9:54 Horse Collar
16:01 Fletching
16:11 Padded Archer Armor
17:18 Wheelbarrow
17:39 Town Watch
20:27 Castle Age
18:22 Stone Mining
19:49 Gold Mining
21:20 Bow Saw
27:28 Hand Cart
32:49 Imperial Age
31:11 Gold Shaft Mining
31:19 Ballistics
31:55 Bodkin Arrow
32:16 Leather Archer Armor
32:27 Thumb Ring
33:31 Bracer
34:02 Ring Archer Armor
34:33 Chemistry
33:17 Elite Chu Ko Nu
35:13 Conscription
36:57 Stone Shaft Mining
fryup
9:45 Feudal Age
9:45 Man-at-Arms
10:54 Loom
20:18 Castle Age
18:27 Fletching
18:44 Scale Barding Armor
20:09 Forging
19:57 Gold Mining
19:57 Double-Bit Axe
22:02 Fletching
26:08 Horse Collar
29:03 Gold Shaft Mining
29:33 Wheelbarrow
34:33 Imperial Age
32:11 Thumb Ring
32:26 Bodkin Arrow
33:58 Hand Cart
34:20 Bloodlines
33:33 Elite Skirmisher
35:19 Bracer
36:16 Padded Archer Armor
36:03 Light Cavalry
Connection lost

Rejoining the realm…

Still unreachable

The connection could not be restored.

Session expired

The server has moved on; the page needs a fresh start.